Map: [EWC] Goldenaura

Players

Cure

  • Race: Terran Terran
  • Spawn Location: 5:00

Classic - Winner!

  • Race: Protoss Protoss
  • Spawn Location: 12:00

Event: Esports World Cup 2024

VOD

Have the link to the VOD?

Description

Time

  • Played on: Aug. 15, 2024, 9:07 a.m.
  • Length: 13:41

All games in this series

Show
View Real Time Build Order
Export as new Build Order

Cure Terran 

Build Orders: Reaper Expand 

Get SALT Encoding   

  12  0:00  SCV  
  13  0:12  SCV  
  14  0:17  Supply Depot  
  14  0:24  SCV  
  15  0:39  SCV  
  15  0:40  Barracks  
  16  0:43  Refinery  
  16  0:51  SCV  
  17  1:03  SCV  
  18  1:15  SCV  
  19  1:27  Orbital Command, Reaper  
  20  1:41  Command Center  
  20  1:53  Supply Depot  
  20  1:54  SCV  
  20  1:59  Marine  
  22  2:06  SCV  
  23  2:14  Factory  
  23  2:18  SCV  
  23  2:21  Barracks Reactor  
  24  2:30  SCV  
  25  2:42  SCV  
  26  2:49  Command Center  
  26  2:55  SCV  
  29  2:58  Hellion  
  29  3:00  Orbital Command  
  29  3:05  Marine x2  
  30  3:07  SCV  
  33  3:20  SCV  
  33  3:21  Cyclone  
  33  3:26  SCV  
  35  3:27  Marine x2  
  35  3:32  SCV  
  38  3:35  Barracks  
  38  3:39  SCV  
  39  3:44  SCV  
  39  3:45  Marine x2  
  42  3:51  SCV  
  42  3:53  Cyclone  
  45  3:56  SCV  
  45  3:58  Barracks  
  45  4:01  Orbital Command  
  46  4:03  Marine x2  
  46  4:04  SCV  
  46  4:08  SCV  
  50  4:17  SCV  
  51  4:20  SCV, Marine x2  
  54  4:24  Barracks Tech Lab  
  54  4:26  Cyclone  
  54  4:28  SCV  
  54  4:29  SCV  
  54  4:30  Supply Depot  
  58  4:32  Supply Depot, SCV  
  58  4:37  Engineering Bay, Refinery  
  59  4:39  Marine x2  
  61  4:47  SCV, Stimpack  
  61  4:49  SCV  
  61  4:50  Marine  
  61  4:52  SCV  
  63  4:55  Barracks Tech Lab  
  63  4:57  Supply Depot  
  63  4:58  Refinery  
  63  4:59  SCV  
  63  5:01  SCV, Refinery  
  63  5:04  SCV  
  63  5:06  Supply Depot, Marine x2  
  67  5:08  Marine  
  67  5:11  SCV  
  67  5:13  SCV  
  70  5:14  Terran Infantry Weapons Level 1  
  70  5:16  SCV  
  70  5:17  Missile Turret  
  71  5:23  SCV  
  71  5:24  Starport  
  71  5:25  SCV  
  71  5:29  Factory Reactor  
  71  5:34  Marine x4, Missile Turret  
  75  5:36  SCV  
  75  5:37  Orbital Command, SCV  
  75  5:41  Combat Shield  
  75  5:48  SCV  
  77  5:50  SCV  
  77  5:52  Marine  
  77  5:54  Barracks x2  
  78  5:58  Supply Depot  
  78  6:00  SCV, Marauder x2  
  78  6:02  SCV, Marine  
  85  6:05  Supply Depot  
  85  6:07  SCV  
  85  6:10  Marine  
  87  6:12  SCV  
  87  6:14  SCV  
  87  6:17  Factory Reactor  
  89  6:19  Medivac x2  
  89  6:20  SCV  
  89  6:23  Missile Turret  
  89  6:24  SCV  
  95  6:26  SCV, Marauder x2  
  95  6:27  Concussive Shells  
  95  6:29  Marine  
  95  6:31  Marine  
  95  6:32  SCV  
  103  6:36  SCV  
  103  6:38  Supply Depot, SCV  
  105  6:40  Supply Depot  
  105  6:41  Barracks Tech Lab  
  105  6:42  Barracks Reactor  
  105  6:44  SCV  
  106  6:47  Marine  
  106  6:48  Marauder  
  109  6:55  SCV  
  109  7:02  SCV x2, Marauder, Widow Mine x2  
  109  7:04  Marine  
  109  7:05  Marauder, Medivac x2  
  109  7:07  Supply Depot, SCV  
  125  7:08  Supply Depot  
  125  7:09  Refinery x2, Terran Infantry Armor Level 1  
  125  7:26  SCV  
  125  7:27  SCV x2  
  125  7:28  Marine x3  
  125  7:29  Marine, Marauder x3  
  132  7:31  Widow Mine x2  
  135  7:38  SCV  
  135  7:39  SCV  
  135  7:40  SCV, Viking  
  140  7:45  Supply Depot, Marine  
  140  7:49  Supply Depot  
  141  7:51  Armory  
  141  7:53  Ghost Academy  
  141  7:57  Engineering Bay  
  141  8:02  Bunker  
  141  8:03  Supply Depot  
  141  8:06  Marine x2, Marauder x2, Viking  
  141  8:11  Marauder  
  151  8:15  Command Center  
  151  8:20  Viking  
  151  8:24  Missile Turret  
  151  8:25  Marine x2  
  155  8:28  Marauder x2  
  155  8:29  Marine x2  
  155  8:32  Marauder  
  160  8:36  Viking  
  160  8:40  SCV x3  
  156  8:43  Marine x2  
  156  8:47  Marine x2  
  160  8:49  Marauder x2  
  160  8:54  Terran Infantry Weapons Level 2  
  164  8:58  Supply Depot x2  
  164  8:59  SCV  
  165  9:04  Terran Infantry Armor Level 2  
  165  9:13  Missile Turret  
  165  9:19  SCV x2, Ghost x2, Viking x2  
  165  9:20  Marauder  
  175  9:33  Marine x4  
  175  9:35  SCV x3  
  180  9:42  Terran Ship Weapons Level 1  
  180  9:45  Widow Mine x2  
  184  9:49  Medivac x2  
  184  9:52  SCV x3  
  188  9:57  Sensor Tower  
  188  9:58  Ghost x3  
  188  9:59  Marine x4  
  194  10:01  Planetary Fortress  
  196  10:25  Viking  
  196  10:31  Barracks  
  196  10:32  Missile Turret  
  196  10:33  Missile Turret  
  196  10:34  Barracks x2  
  196  10:43  Missile Turret  
  196  10:45  Missile Turret  
  196  10:51  Viking  
  191  11:02  Viking  
  191  11:03  Ghost x2  
  180  11:04  Marine x4, Marauder  
  180  11:10  SCV x2  
  187  11:11  SCV x2  
  187  11:12  Command Center  
  187  11:20  Viking  
  187  11:23  Marine x4  
  187  11:24  Barracks Tech Lab x2, Barracks Reactor  
  195  11:26  Marauder  
  195  11:37  Marauder  
  195  11:38  Marauder  
  196  11:44  Marine  
  196  11:45  Marine x2  
  196  11:48  Marine  
  196  11:49  Marauder  
  181  12:01  Supply Depot  
  181  12:02  Supply Depot  
  181  12:03  Supply Depot  
  181  12:04  Supply Depot  
  181  12:05  Supply Depot  
  181  12:06  Supply Depot  
  181  12:07  Supply Depot  
  174  12:21  Marine  
  174  12:22  Marine, Medivac x2  
  148  12:23  Marauder x5  
  148  12:27  Orbital Command, Marine x2  
  148  12:28  Marine x2  
  119  12:39  Marine  
  116  12:44  Marauder x3  
  116  12:46  Widow Mine x2  
  116  12:47  Orbital Command  
  116  12:50  Missile Turret  
  122  12:52  Medivac x2  
  122  12:56  Missile Turret  
  122  12:57  Marine, Marauder, Sensor Tower  
  129  12:58  Marine  
  124  13:08  Marine x3  
  124  13:09  Marine, Marauder x2  
  130  13:15  Marine x2, Marauder  
  130  13:16  Marine  
  130  13:18  Marine  
Show
View Real Time Build Order
Export as new Build Order

Classic Protoss - Winner!

Build Orders: 1 Gate Expand, Phoenix Opening, Colossus Rush 

Get SALT Encoding   

  12  0:00  Probe  
  13  0:12  Probe  
  14  0:17  Pylon  
  14  0:24  Probe (Chrono Boost)  
  15  0:36  Gateway, Probe (Chrono Boost)  
  16  0:44  Probe (Chrono Boost)  
  16  0:45  Assimilator  
  17  0:50  Probe  
  18  1:03  Probe  
  19  1:15  Probe  
  20  1:23  Cybernetics Core  
  20  1:33  Nexus  
  20  1:41  Pylon  
  20  1:44  Probe  
  21  1:52  Assimilator  
  21  1:56  Probe  
  21  1:57  Adept (Chrono Boost)  
  24  2:08  Probe  
  25  2:17  Stargate  
  25  2:20  Probe  
  26  2:24  Adept  
  28  2:32  Warp Gate  
  28  2:33  Probe  
  29  2:45  Probe (Chrono Boost)  
  29  2:46  Probe (Chrono Boost)  
  31  2:53  Stalker  
  31  2:55  Probe x2 (Chrono Boost)  
  35  2:59  Probe (Chrono Boost)  
  35  3:00  Probe (Chrono Boost)  
  35  3:03  Phoenix (Chrono Boost)  
  39  3:11  Probe  
  39  3:12  Probe  
  41  3:19  Pylon  
  41  3:23  Probe  
  41  3:24  Probe  
  41  3:25  Phoenix (Chrono Boost)  
  45  3:35  Assimilator  
  45  3:36  Probe  
  45  3:37  Probe  
  45  3:39  Assimilator  
  47  3:44  Robotics Facility  
  47  3:47  Pylon  
  47  3:48  Probe  
  47  3:49  Probe  
  49  3:57  Phoenix  
  49  4:00  Probe  
  49  4:01  Probe  
  53  4:12  Probe  
  53  4:13  Probe  
  55  4:19  Nexus  
  55  4:21  Pylon  
  55  4:26  Probe  
  55  4:27  Sentry  
  59  4:33  Immortal (Chrono Boost)  
  62  4:40  Pylon  
  62  4:45  Probe x2  
  64  4:51  Sentry  
  66  4:53  Shield Battery  
  66  4:56  Robotics Bay  
  66  4:57  Probe  
  66  4:58  Probe  
  68  5:04  Observer (Chrono Boost), Twilight Council  
  69  5:09  Probe  
  69  5:10  Probe  
  69  5:14  Forge  
  71  5:15  Observer  
  72  5:22  Probe x2  
  74  5:29  Gateway  
  74  5:30  Gateway  
  74  5:31  Gateway  
  74  5:33  Probe  
  74  5:34  Probe x2  
  77  5:39  Colossus (Chrono Boost)  
  77  5:46  Probe x3  
  86  5:50  Charge  
  86  5:53  Extended Thermal Lance  
  86  5:58  Probe x3  
  86  6:01  Pylon  
  89  6:04  Assimilator  
  89  6:07  Protoss Ground Weapons Level 1  
  89  6:10  Probe x3  
  92  6:11  Pylon  
  92  6:22  Gateway  
  92  6:23  Colossus (Chrono Boost)  
  92  6:24  Gateway, Observer  
  98  6:29  Gateway, Pylon  
  98  6:33  Gateway  
  98  6:44  Nexus  
  98  6:47  Pylon  
  98  6:58  Zealot x4  
  106  7:03  Robotics Facility  
  106  7:04  Pylon  
  106  7:05  Warp Prism (Chrono Boost)  
  106  7:08  Pylon  
  108  7:10  Probe  
  108  7:11  Probe x2  
  111  7:20  Zealot x3  
  117  7:30  Blink  
  117  7:31  Probe x3  
  117  7:33  Pylon  
  117  7:34  Pylon  
  117  7:35  Observer (Chrono Boost)  
  121  7:47  Pylon, Probe  
  121  7:48  Disruptor (Chrono Boost), Probe x2  
  132  7:52  Pylon  
  132  7:56  Disruptor (Chrono Boost), Pylon  
  132  7:57  Shield Battery  
  132  7:58  Zealot x4  
  134  7:59  Zealot  
  142  8:06  Stalker x3  
  142  8:09  Probe x4  
  152  8:17  Pylon x2  
  152  8:18  Disruptor (Chrono Boost)  
  154  8:21  Disruptor (Chrono Boost)  
  154  8:24  Forge  
  154  8:25  Protoss Ground Weapons Level 2 (Chrono Boost)  
  158  8:31  Zealot x3  
  152  8:42  Pylon, Gravitic Drive  
  152  8:43  Warp Prism (Chrono Boost)  
  152  8:47  Disruptor (Chrono Boost)  
  150  8:51  Robotics Facility  
  154  8:55  Nexus  
  154  8:56  Pylon  
  154  8:58  Stalker  
  154  8:59  Stalker  
  158  9:09  Stalker x4  
  166  9:20  Stalker x2  
  166  9:22  Nexus  
  170  9:33  Zealot x6  
  180  9:39  Protoss Ground Armor Level 1 (Chrono Boost)  
  178  9:46  Disruptor x2 (Chrono Boost)  
  178  9:50  Warp Prism (Chrono Boost), Pylon  
  178  9:52  Observer  
  190  9:58  Stalker  
  190  9:59  Stalker x6  
  200  10:11  Gateway  
  200  10:13  Gateway  
  200  10:14  Gateway x2  
  200  10:16  Gateway  
  200  10:17  Gateway  
  200  10:20  Gateway  
  194  10:24  Gateway, Observer  
  192  10:33  Protoss Ground Weapons Level 3 (Chrono Boost)  
  192  10:36  Zealot x4  
  200  10:44  Nexus  
  186  11:06  Zealot x7  
  194  11:33  Gateway  
  194  11:35  Gateway  
  192  11:41  Zealot x4  
  192  11:46  Warp Prism  
  180  12:01  Disruptor x2  
  188  12:22  Disruptor (Chrono Boost)  
  162  12:25  Zealot x3  
  162  12:26  Zealot x12  
  162  12:27  Zealot  
  144  12:37  Disruptor (Chrono Boost)  
  144  12:39  Stalker, Sentry  
  150  12:46  Zealot x9  
  150  12:47  Zealot x7  
  150  12:49  Probe x6  
  196  12:59  Immortal x2 (Chrono Boost)  
  194  13:12  Zealot x7  
  184  13:21  Zealot x2  
Tags
 
Add a new tag
Caveats
  • Supply blocks, unpowered buildings, or Contaminate may cause inaccurate times.
  • Supply counts are checked every 10 seconds.